 Dungeon Crawl Stone Soup version 0.29.1-15-g9cfb28693d (webtiles) character file.

Game seed: 15206900911592013613

124 protoss039 the Digger (level 4, 0/33 HPs)
             Began as a Demonspawn Earth Elementalist on Mar 29, 2023.
             Slain by an orc
             ... wielding a +0 hand axe
              (6 damage)
             ... on level 5 of the Dungeon.
             The game lasted 00:01:34 (1343 turns).

protoss039 the Digger (DsEE)                        Turns: 1343, Time: 00:01:34

Health: 0/33       AC:  6    Str:  8    XL:     4   Next: 81%
Magic:  8/8        EV: 10    Int: 19    God:
Gold:   52         SH:  5    Dex: 13    Spells: 5/8 levels left

rFire   . . .      SeeInvis .   g - +0 dagger
rCold   . . .      Faith    .   (no shield)
rNeg    . . .      Spirit   .   n - +0 ring mail
rPois   .          Reflect  +   (helmet restricted)
rElec   .          Harm     .   (no cloak)
rCorr   .          Rampage  .   (no gloves)
Will    .....                   (no boots)
Stlth   +.........              d - amulet of reflection
HPRegen 0.11/turn               (no ring)
MPRegen 0.11/turn               (no ring)

@: no status effects
A: horns 1, rugged brown scales 1
a: no special abilities


You were on level 5 of the Dungeon.
You visited 1 branch of the dungeon, and saw 4 of its levels.

You collected 52 gold pieces.

Inventory:

Hand Weapons
 g - a +0 dagger (weapon)
Armour
 n - a +0 ring mail (worn)
Jewellery
 a - an amulet of guardian spirit
 d - an amulet of reflection (around neck)
Scrolls
 e - a scroll of fear {unknown}
 f - a scroll of butterflies {unknown}
 h - 3 scrolls of teleportation {unknown}
 i - a scroll of noise {unknown}
 l - a scroll of torment {unknown}
 o - a scroll of identify {unknown}
Potions
 b - a potion of magic
 c - a potion of ambrosia {unknown}
 j - a potion of haste {unknown}
 k - a potion of invisibility {unknown}
 m - a potion of degeneration {unknown}


   Skills:
 + Level 2.0 Fighting
 * Level 1.8 Armour
 - Level 1.7 Dodging
 - Level 1.7 Stealth
 + Level 2.9 Spellcasting
 - Level 1.0 Transmutations
 + Level 3.4 Earth Magic


You had 5 spell levels left.
You knew the following spells:

 Your Spells              Type           Power      Damage    Failure   Level
a - Sandblast             Erth           30%        2d9       11%         1
b - Passwall              Tmut/Erth      9%         N/A       28%         2

Your spell library contained the following spells:

 Spells                   Type           Power      Damage    Failure   Level
 Stone Arrow              Conj/Erth      18%        3d8       56%         3
 Petrify                  Tmut/Erth      11%        N/A       88%         4


Dungeon Overview and Level Annotations

Branches:
Dungeon (5/15) Zot: 22644
 Temple: D:4-7

Altars:

Annotations:
D:4 3 runed translucent doors, PaladinM's ghost, amateur DgWr


Innate Abilities, Weirdness & Mutations

You have a pair of small horns on your head.
You are partially covered in rugged brown scales. (AC +1, +3% HP)


Message History

You block the orc's attack. The orc hits you with a +0 dagger.
Unknown command.
You hit the orc but do no damage.
The orc is moderately wounded.
You block the orc's attack. The orc hits you but does no damage.
Unknown command.
You hit the orc. Your headbutt misses the orc.
The orc is heavily wounded.
The orc barely misses you. The orc closely misses you.
Unknown command.
You barely miss the orc.
The orc is heavily wounded.
The orc closely misses you. You block the orc's attack.
Unknown command.
You hit the orc but do no damage. Your headbutt misses the orc.
The orc is heavily wounded.
The orc closely misses you. The orc hits you but does no damage.
Unknown command.
You hit the orc but do no damage.
The orc is heavily wounded.
The orc barely misses you. x2
Unknown command.
You hit the orc.
You kill the orc!
The orc misses you.
Unknown command.
You hit the orc.
The orc is moderately wounded.
The orc hits you but does no damage. The orc hits you with a +0 hand axe.
* * * LOW HITPOINT WARNING * * *
Unknown command.
You hit the orc but do no damage. Your headbutt misses the orc.
The orc is moderately wounded.
The orc hits you but does no damage. The orc hits you with a +0 club.
* * * LOW HITPOINT WARNING * * *
Unknown command.
You hit the orc.
The orc is heavily wounded.
The orc hits you but does no damage. The orc hits you with a +0 hand axe.
You die...

....... .......
....... .......
....... .......
########oo.....
#......@o#
#........#
#........#
#.........
#........##
#.....>..#
#.........
#........#


You could see 3 orcs.

Vanquished Creatures
  3 hounds
  An adder (D:4)
  A dart slug (D:1)
  2 orcs
  A ball python (D:1)
  An endoplasm (D:1)
  A giant cockroach (D:1)
  2 goblins (D:1)
  2 hobgoblins (D:1)
  4 jackals (D:1)
  A quokka (D:1)
  5 kobolds
  A rat (D:1)
25 creatures vanquished.

Notes
Turn   | Place    | Note
-------+----------+-------------------------------------------
     0 | D:1      | protoss039 the Demonspawn Earth Elementalist began the
                  | quest for the Orb.
     0 | D:1      | Reached XP level 1. HP: 13/13 MP: 3/3
   323 | D:1      | Gained mutation: You are partially covered in rugged brown
                  | scales. (AC +1, +3% HP) [demonic ancestry]
   323 | D:1      | Reached XP level 2. HP: 14/20 MP: 3/5
   544 | D:1      | Reached skill level 1 in Fighting
   562 | D:1      | Reached skill level 3 in Earth Magic
  1072 | D:1      | Learned a level 2 spell: Passwall
  1129 | D:2      | You fall into a shaft and drop 2 floors!
  1131 | D:4      | Found a runed translucent gate.
  1131 | D:4      | Found a runed translucent gate.
  1145 | D:4      | Reached skill level 1 in Transmutations
  1145 | D:4      | Gained mutation: You have a pair of small horns on your
                  | head. [demonic ancestry]
  1145 | D:4      | Reached XP level 3. HP: 26/26 MP: 4/6
  1184 | D:4      | Reached skill level 1 in Armour
  1227 | D:4      | Found a runed translucent gate.
  1228 | D:4      | Noticed PaladinM's ghost (amateur DgWr)
  1229 | D:4      | Noticed a kobold brigand
  1280 | D:4      | Reached XP level 4. HP: 31/33 MP: 6/8
  1313 | D:5      | Entered Level 5 of the Dungeon
  1343 | D:5      | Slain by an orc

Illustrated notes

Levels and vault maps discovered:
D:1:      nicolae_arrival_memento_mori, layout_loops_ring,
          chequers_serial_rivers_micro_a
D:2:      layout_basic, shapermc_ecumenical_altar_petra,
          chequers_serial_rivers_small_a, minivault_14,
          kennysheep_generic_room_12, uniq_sigmund
D:4:      layout_basic, mainiacjoe_overflow_boulevard,
          gammafunk_ghost_nasty_kobolds
D:5:      layout_rooms, minmay_hedge_maze

Skill      XL: |  1  2  3  4 |
---------------+-------------+-----
Fighting       | 1 2 |  2.0
Earth Magic    | 3 |  3.4
Transmutations | 1 |  1.0
Armour         | 1 |  1.8
Dodging        | |  1.7
Stealth        | |  1.7
Spellcasting   | |  2.9

Action                   |  1- 3 |  4- 6 || total
-------------------------+-------+-------++-------
Melee: Dagger            |    41 |    33 ||    74
       Headbutt          |     6 |     4 ||    10
 Cast: Sandblast         |    26 |       ||    26
Armor: Robe              |     1 |       ||     1
       Ring mail         |    14 |    20 ||    34
Dodge: Dodged            |    28 |    19 ||    47
Block: Other             |    13 |    12 ||    25
